 Dungeon Crawl Stone Soup version 0.31-a0-963-ga325b2283a (webtiles) character file.

Game seed: 2879808567539821749

208 BinkBink the Trooper (level 5, -5/33 HPs)
             Began as a Gargoyle Monk on Oct 24, 2023.
             Slain by a gnoll
             ... wielding a +0 whip
              (7 damage)
             ... on level 3 of the Dungeon.
             The game lasted 00:05:15 (2252 turns).

BinkBink the Trooper (Gargoyle Monk)                Turns: 2252, Time: 00:05:15

Health: -5/33      AC: 13    Str: 13    XL:     5   Next: 86%
Magic:  1/1        EV: 11    Int: 10    God:
Gold:   20         SH:  0    Dex: 25    Spells: 4/4 levels left

rFire   . . .        x - +5 trident of the Bruised Princes {antimagic, rElec rPois Will++ Int+2}
rCold   + + .        d - orb {light}
rNeg    + + +        g - +0 scale mail
rPois   ∞            t - +0 helmet
rElec   +            l - scarf {rC+ rF+}
rCorr   .            (no gloves)
SInv    .            (no boots)
Will    ++...        (no amulet)
Stlth   +            n - ring of Zenydeh {Ice rPois rN++ Will- Dex+3}
HPRegen 0.25/turn    o - ring of flight
MPRegen 0.07/turn

%: no passive effects
@: mighty, enlightened, flying, glowing
A: sickness immunity, AC +4, negative energy resistance 1, electricity
resistance, torment resistance 1, petrification resistance, iridescent scales 1,
agile 2
a: no special abilities


You were on level 3 of the Dungeon.
You visited 1 branch of the dungeon, and saw 3 of its levels.

You collected 164 gold pieces.
You spent 144 gold pieces at shops.

Inventory:

Hand Weapons
 a - a +0 hand axe
 x - the +5 trident of the Bruised Princes (weapon) {antimagic, rElec rPois Will++ Int+2}
   (You bought it in a shop on level 1 of the Dungeon)

   Int+2:     It affects your intelligence (+2).
   rElec:     It insulates you from electricity.
   rPois:     It protects you from poison Will++: It greatly increases your
   willpower.
Armour
 d - an orb of light (worn)
 g - a +0 scale mail (worn)
 l - a scarf of resistance (worn)
 t - a +0 helmet (worn)
Jewellery
 m - a ring of ice
 n - the ring of Zenydeh (left hand) {Ice rPois rN++ Will- Dex+3}
   (You found it on level 2 of the Dungeon)

   [ring of ice]

   Ice:       It enhances your ice magic.
   Dex+3:     It affects your dexterity (+3).
   rF-:       It makes you vulnerable to fire.
   rC+:       It protects you from cold.
   rPois:     It protects you from poison rN++: It greatly protects you from
   negative energy.
   Will-:     It decreases your willpower.
 o - a ring of flight (right hand)
Scrolls
 b - a scroll of immolation {unknown}
 f - a scroll of amnesia {unknown}
 h - a scroll of blinking {unknown}
 i - a scroll of brand weapon {unknown}
 j - a scroll of vulnerability {unknown}
 k - 3 scrolls of fear {unknown}
 p - 3 scrolls of identify {unknown}
 q - a scroll of torment {unknown}
 u - a scroll of acquirement {unknown}
 v - a scroll of teleportation {unknown}
Potions
 c - a potion of might
 e - 2 potions of enlightenment
 s - a potion of brilliance {unknown}
 w - a potion of curing {unknown}


   Skills:
 + Level 4.1 Fighting
 * Level 4.0(4.2) Axes
 * Level 1.8(3.2) Polearms
 + Level 1.8 Armour
 + Level 3.0 Dodging


You had 4 spell levels left.
You didn't know any spells.
Your spell library contained the following spells:

 Spells                   Type           Power      Damage    Failure   Level
 Lesser Beckoning         Tloc           0%         N/A       95%         2
 Poisonous Vapours        Pois/Air       0%         N/A       95%         2
 Scorch                   Fire           0%         2d5       95%         2
 Wereblood                Tmut           0%         N/A       95%         2
 Gell's Gravitas          Tloc           0%         N/A       99%         3
 Mephitic Cloud           Conj/Pois/Air  0%         N/A       99%         3
 Teleport Other           Tloc           0%         N/A       99%         3
 Flame Wave               Conj/Fire      0%         2d4       100%        4
 Alistair's Intoxication  Tmut/Pois      0%         N/A       100%        5
 Borgnjor's Vile Clutch   Necr/Erth      0%         N/A       100%        5
 Freezing Cloud           Conj/Ice/Air   0%         6-21      100%        5
 Eringya's Noxious Bog    Tmut/Pois      0%         4d6       100%        6
 Summon Cactus Giant      Summ           0%         N/A       100%        6
 Summon Hydra             Summ           0%         N/A       100%        7
 Sublimation of Blood     Necr           Unusable   N/A       N/A         2

Dungeon Overview and Level Annotations

Branches:
Dungeon (3/15)

Altars:

Shops:
D:1 (   D:3 :


Innate Abilities, Weirdness & Mutations

You are immune to sickness and miasma.
Your stone body is resilient. (AC +4)
You are immune to poison.
You resist negative energy. (rN+)
You are resistant to electric shocks. (rElec)
You are resistant to unholy torment.
You are immune to petrification.
You are partially covered in iridescent scales. (AC +2)
You are very agile. (Dex +8, Str/Int -2)


Message History

The gnoll closely misses you.
You barely miss the gnoll.
The gnoll is heavily wounded.
The gnoll hits you with a +0 flail.
You hit the gnoll.
The gnoll is almost dead.
The gnoll barely misses you.
You hit the gnoll.
You kill the gnoll!
Your Axes skill increases to level 4!
You barely miss the gnoll. The gnoll hits you with a +0 whip.
The gnoll hits you but does no damage.
You completely miss the gnoll. The gnoll barely misses you.
The gnoll hits you from afar with a +0 spear.
The gnoll barely misses you.
You puncture the gnoll!
The gnoll is severely wounded.
The gnoll misses you. The gnoll hits you but does no damage.
You hit the gnoll.
The gnoll is severely wounded.
The gnoll hits you from afar with a +0 spear.
The gnoll hits you with a +0 whip.
* * * LOW HITPOINT WARNING * * *
The gnoll hits you but does no damage.
You are too injured to fight recklessly!
It was a potion of might.
You feel very mighty all of a sudden. The gnoll hits you but does no damage.
The gnoll hits you from afar with a +0 spear.
* * * LOW HITPOINT WARNING * * *
It was a potion of enlightenment.
You feel more buoyant. The gnoll hits you but does no damage.
The gnoll hits you from afar with a +0 spear.
* * * LOW HITPOINT WARNING * * *
It was a potion of mutation.
You feel extremely strange.
You feel agile. x2
Iridescent scales grow over part of your body.
The gnoll hits you with a +0 whip!
You die...

# # .. # #.#.. .## #####
.#.# .... ....# ... .....
###.# #.### #..... ###.#
####.#.## #......
.##.####...†...####.......
................@ggJ....[.
.##.####.##....####.......
###.# ##.#..# #...... #
#.# # #..##.# #..... #.#
#.#.###.# #...# ###.#
#.#.###.# #+## ....#
#.......# #.# .####
###∩##### #.# .# #.# ##.##


You could see 2 gnolls and an endoplasm.

Vanquished Creatures
  Jessica (D:2)
  An iguana (D:3)
  3 adders
  2 gnolls (D:3)
  4 worms
  2 dart slugs
  7 orcs (D:3)
  13 ball pythons
  5 endoplasms
  5 giant cockroaches
  5 hobgoblins
  5 jackals
  3 quokkas
  8 bats
  2 frilled lizards
  5 goblins
  5 kobolds
  9 rats
85 creatures vanquished.

Notes
Turn   | Place    | Note
-------+----------+-------------------------------------------
     0 | D:1      | BinkBink the Gargoyle Monk began the quest for the Orb.
     0 | D:1      | Reached XP level 1. HP: 14/14 MP: 1/1
   144 | D:1      | Reached XP level 2. HP: 15/19 MP: 2/2
   275 | D:1      | Reached XP level 3. HP: 14/23 MP: 3/3
   423 | D:1      | Found Ihano's Antique Weapon Emporium.
   834 | D:2      | Noticed Jessica
   926 | D:2      | Found a faded altar of an unknown god.
   971 | D:2      | Identified the ring of Zenydeh {Ice rPois rN++ Will- Dex+3}
  1056 | D:2      | Reached skill level 1 in Armour
  1056 | D:2      | Reached XP level 4. HP: 29/29 MP: 4/4
  1133 | D:2      | Killed Jessica
  1134 | D:2      | Reached skill level 1 in Polearms
  1402 | D:3      | Reached XP level 5. HP: 33/33 MP: 5/5
  1713 | D:1      | Bought a brightly glowing trident for 144 gold pieces
  1713 | D:1      | Identified the +5 trident of the Bruised Princes
                  | {antimagic, rElec rPois Will++ Int+2} (You bought it in a
                  | shop on level 1 of the Dungeon)
  1868 | D:3      | Identified the +3 trident of Poverty {antimagic, *Noise
                  | rElec rF++ SInv}
  2208 | D:3      | Found Wace's Book Boutique.
  2251 | D:3      | HP: 1/33 [gnoll/+0 spear (3)]
  2252 | D:3      | Gained mutation: You are agile. (Dex +4, Str/Int -1)
                  | [potion of mutation]
  2252 | D:3      | Gained mutation: You are very agile. (Dex +8, Str/Int -2)
                  | [potion of mutation]
  2252 | D:3      | Gained mutation: You are partially covered in iridescent
                  | scales. (AC +2) [potion of mutation]
  2252 | D:3      | Slain by a gnoll

Illustrated notes

Levels and vault maps discovered:
D:1:      matt_arrival_refuge, layout_loops_cross, serial_shops,
          nicolae_shop_back_alley_shop
D:2:      layout_basic, ebering_ecumenical_altar_rust, minmay_joined_circles,
          uniq_jessica
D:3:      minmay_thinvault, layout_loops_corners, serial_shops, shop,
          st_stairs_7, chequers_serial_rivers_large_a, minmay_checkerbox

Skill      XL: |  1  2  3  4  5 |
---------------+----------------+-----
Axes           | 3 4 |  4.0
Armour         | 1 |  1.8
Polearms       | 1 |  1.8
Fighting       | 4 |  4.1
Dodging        | 3 |  3.0

Action                     |  1- 3 |  4- 6 || total
---------------------------+-------+-------++-------
  Melee: Hand axe          |   109 |    90 ||   199
         Trident           |       |    42 ||    42
    Use: Potion            |     1 |     3 ||     4
 Armour: Robe              |    14 |       ||    14
         Scale mail        |    69 |    89 ||   158
  Dodge: Dodged            |    82 |    68 ||   150

Table legend: (Time is in decaauts)
 A = Elapsed time spent in this place.
 B = Non-inter-level travel time spent in this place.
 C = Inter-level travel time spent in this place.
 D = Time resting spent in this place.
 E = Time spent auto-exploring this place.
 F = Levels seen in this place.
 G = Mean time per level.
                   A        B        C        D        E       F      G
               +--------+--------+--------+--------+--------+-----+--------+
         Total |   2283 |   2151 |    132 |     33 |   1471 |   3 |  761.0 |
       Dungeon |   2283 |   2151 |    132 |     33 |   1471 |   3 |  761.0 |
               +--------+--------+--------+--------+--------+-----+--------+

Top non-repeatable levels by time:
     D:3: 829 daAuts
     D:1: 828 daAuts
     D:2: 624 daAuts
